 Dungeon Crawl Stone Soup version 0.24-a0-639-gb70a11d811 (webtiles) character file.

Game seed: 15514147910770475058, levelgen mode: deterministic

53 Peloso the Shield-Bearer (level 3, -2/33 HPs)
             Began as a Minotaur Fighter on Sept 22, 2019.
             Slain by an adder (3 damage)
             ... on level 1 of the Dungeon.
             The game lasted 00:04:44 (1007 turns).

Peloso the Shield-Bearer (Minotaur Fighter)         Turns: 1007, Time: 00:04:45

Health: -2/33      AC: 10    Str: 19 (20) XL:     3   Next: 62%
Magic:  2/2        EV:  5    Int:  4 (5)  God:
Gold:   32         SH:  9    Dex:  9 (10) Spells: 2/2 levels left

rFire    . . .     SeeInvis .   a - +0 long sword
rCold    . . .     Gourm    .   c - +0 shield
rNeg     . . .     Faith    .   l - +0 chain mail
rPois    .         Spirit   .   (helmet restricted)
rElec    .         Reflect  .   (no cloak)
rCorr    .         Harm     .   (no gloves)
MR       .....                  i - +0 pair of boots
Stlth    ..........             (no amulet)
HPRegen  0.11/turn              (no ring)
MPRegen  0.08/turn              (no ring)

@: lethally poisoned (-2 -> -6), flying
A: retaliatory headbutt, horns 2
a: no special abilities


You were on level 1 of the Dungeon.
You were not hungry.

You visited 1 branch of the dungeon, and saw 2 of its levels.

You collected 32 gold pieces.

Inventory:

Hand Weapons
 a - a +0 long sword (weapon)
Armour
 b - a +0 scale mail
 c - a +0 shield (worn)
 i - a +0 pair of boots (worn)
 l - a +0 chain mail (worn)
Scrolls
 g - a scroll of fog {unknown}
 h - a scroll of identify {unknown}
 k - a scroll of blinking {unknown}
Potions
 d - a potion of might
 j - a potion of degeneration
Comestibles
 f - 6 rations


   Skills:
 + Level 4.1 Fighting
 + Level 3.2 Long Blades
 + Level 4.0 Armour
 + Level 0.4 Dodging
 + Level 4.4 Shields


You had 2 spell levels left.
You didn't know any spells.
Your spell library was empty.

Dungeon Overview and Level Annotations

Branches:
Dungeon (2/15)

Altars:

Annotations:
D:2 Terence


Innate Abilities, Weirdness & Mutations

You reflexively headbutt those who attack you in melee.
You have a pair of horns on your head.


Message History

The adder bites you.
* * * LOW HITPOINT WARNING * * *
Terence asks, "Do you want it fast or slow?"
You fly upwards.
* * * LOW HITPOINT WARNING * * *
You feel sick.
There is a stone staircase leading down here.
You miss the adder. Your headbutt misses the adder.
* * * LOW HITPOINT WARNING * * *
You feel sick. The adder barely misses you.
The adder bites you but does no damage.
You hit the adder.
The adder is lightly wounded.
The adder barely misses you. The adder bites you.
* * * LOW HITPOINT WARNING * * *
You closely miss the adder.
The adder is lightly wounded.
* * * LOW HITPOINT WARNING * * *
You feel sick. The adder bites you.
You die...

....#####...........##.#
..#########.#..#....##.#
..#......).....#....##.#
..#########.#..#....##.#
..# #.##.#...[##.# .##
#.#........#.# ##
#.###...#.##.# #
#.###......#.#
####.....@....#.#
#.......S..##.#.#######
#.#####..........†....#
#.# #...........#####
########.# ###.#########
......>#.# #.#....###
...##.##.# #.#.##.#.#
##.##.##.#
#.#.##.#.######
#..##.##.#
#.#.##........#


You could see an adder.

Vanquished Creatures
  Jessica (D:2)
  3 dart slugs (D:1)
  A leopard gecko (D:1)
  2 bats (D:1)
  2 goblins (D:1)
  3 hobgoblins (D:1)
  2 frilled lizards (D:1)
  2 kobolds (D:1)
  5 rats (D:1)
21 creatures vanquished.

Notes
Turn   | Place    | Note
-------+----------+-------------------------------------------
     0 | D:1      | Peloso the Minotaur Fighter began the quest for the Orb.
     0 | D:1      | Reached XP level 1. HP: 19/19 MP: 0/0
   124 | D:1      | Reached XP level 2. HP: 24/27 MP: 1/1
   979 | D:2      | Noticed Jessica
   984 | D:2      | Noticed Terence
   985 | D:2      | Killed Jessica
   985 | D:2      | Reached XP level 3. HP: 28/33 MP: 2/2
  1007 | D:1      | HP: 1/33 [poisoned by Jessica]
  1007 | D:1      | Slain by an adder

Levels and vault maps discovered:
D:1:      dpeg_arrival_tiny_k, layout_basic, hangedman_glass_teeth
D:2:      layout_basic, marbit_many_paths, hangedman_decor_points, uniq_terence,
          uniq_jessica

Skill      XL: |  1  2 |
---------------+-------+-----
Shields        | 4 |  4.4
Fighting       | 4 |  4.1
Long Blades    | 3 |  3.2
Armour         | 4 |  4.0
Dodging        | |  0.4

Action                   || total
-------------------------++-------
Melee: Long sword        ||    67
       Headbutt          ||     7
  Use: Potion            ||     2
Armor: Scale mail        ||    16
       Chain mail        ||    23
Dodge: Dodged            ||    16
Block: Shield            ||    53
       Rpst.: Long sword ||     6

Table legend:
 A = Non-vault XP
 B = Vault XP
 C = Vault XP percentage of total XP
 D = Non-vault monster count
 E = Vault monster count
 F = Vault count percentage of total count
                 A         B        C        D         E       F
            +---------+---------+-------+---------+---------+-------
      Total |      39 |      37 |  48.7 |      20 |       1 |   4.8
            +---------+---------+-------+---------+---------+-------
        D:1 |      39 |       0 |   0.0 |      20 |       0 |   0.0
        D:2 |       0 |      37 | 100.0 |       0 |       1 | 100.0
            +---------+---------+-------+---------+---------+-------
